 Dungeon Crawl Stone Soup version 0.31.0-11-ge490571c62 (webtiles) character file.

Game seed: 14191427833637318158

5 qw the Shooter (level 1, 0/10 HPs)
             Began as a Spriggan Hunter on Feb 3, 2024.
             Frozen to death by an endoplasm (4 damage)
             ... on level 1 of the Dungeon.
             The game lasted 00:00:00 (240 turns).

qw the Shooter (Spriggan Hunter)                     Turns: 240, Time: 00:00:01

Health: 0/10       AC:  2    Str:  7    XL:     1   Next: 66%
Magic:  2/2        EV: 18    Int: 10    God:
Gold:   17         SH:  0    Dex: 18    Spells: 0/0 levels left

rFire   . . .        a - +0 shortbow
rCold   . . .        (shield currently unavailable)
rNeg    . . .        c - +0 robe
rPois   .            (helmet restricted)
rElec   .            (no cloak)
rCorr   .            (gloves unavailable)
SInv    +            (boots unavailable)
Will    .....        (no amulet)
Stlth   ++           (no ring)
HPRegen 0.21/turn    (no ring)
MPRegen 0.08/turn

%: no passive effects
@: very quick
A: very small, no large weapons, unfitting armour, see invisible, speed 3
a: no special abilities


You were on level 1 of the Dungeon.
You visited 1 branch of the dungeon, and saw 1 of its levels.

You collected 17 gold pieces.


Innate Abilities, Weirdness & Mutations

You are very small and have problems with some larger weapons.
You are too small for most types of armour.
You have supernaturally acute eyesight. (SInv)
You cover ground extremely quickly. (Speed+++)


   Skills:
 - Level 1.5 Fighting
 - Level 4.0 Ranged Weapons
 + Level 3.4 Dodging
 - Level 1.5 Stealth


You couldn't memorise any spells.
You didn't know any spells.
Your spell library was empty.

Inventory:

Hand Weapons
 a - a +0 shortbow (weapon)
Armour
 c - a +0 robe (worn)
Scrolls
 b - a scroll of butterflies
 d - a scroll of revelation {unknown}
 e - a scroll of identify {unknown}
 f - a scroll of immolation {unknown}

Dungeon Overview and Level Annotations

Branches:
Dungeon (1/15)

Altars:


Message History

The hobgoblin hits you.
You shoot an arrow. The arrow hits the hobgoblin.
The hobgoblin is severely wounded.
The ball python misses you. The ball python closely misses you.
The endoplasm jiggles.
The hobgoblin closely misses you.
You shoot an arrow.
The arrow hits the hobgoblin but does no damage.
The hobgoblin is severely wounded.
The ball python barely misses you. x2; The hobgoblin misses you.
You shoot an arrow.
The arrow hits the hobgoblin but does no damage.
The hobgoblin is severely wounded.
The ball python completely misses you. The ball python misses you.
The hobgoblin misses you. The goblin hits you with a +0 dagger.
The ball python misses you. The ball python closely misses you.
You shoot an arrow. The arrow closely misses the hobgoblin.
The hobgoblin completely misses you. The goblin hits you with a +0 dagger.
The ball python misses you. x2
You shoot an arrow.
The arrow hits the hobgoblin but does no damage.
The hobgoblin is severely wounded.
The ball python completely misses you. The ball python grabs you.
The ball python constricts you. The hobgoblin barely misses you.
The goblin completely misses you. The ball python misses you.
The ball python constricts you. The hobgoblin barely misses you.
The goblin hits you with a +0 dagger.
You shoot an arrow. The arrow hits the ball python!
You kill the ball python!
The hobgoblin completely misses you. The goblin hits you but does no damage.
You shoot an arrow. The arrow hits the hobgoblin.
You kill the hobgoblin!
The goblin barely misses you. The endoplasm closely misses you.
You shoot an arrow. The arrow barely misses the goblin.
The endoplasm closely misses you. The goblin closely misses you.
You shoot an arrow. The arrow hits the goblin.
You kill the goblin!
The endoplasm freezes you.
You are frozen.
You die...

.%...............##.....
..............).........
........................
..........###...........
...####'### #...........
. #.# .#...###..... ...
#.# ..#######.#+#.
.....##.#...... #...#.##
#.%@....... #.[...#8
......J)....... #...#.#¤
............... #...#.#¤
.$............. #...#.#~
...........[...##...#.#~
.....#.........#...##.#~
.....##+#......#......#¤
#.... .............#~
...........#8


You could see an endoplasm.

Vanquished Creatures
  2 ball pythons (D:1)
  2 hobgoblins (D:1)
  2 goblins (D:1)
6 creatures vanquished.

Notes
Turn   | Place    | Note
-------+----------+-------------------------------------------
     0 | D:1      | qw the Spriggan Hunter began the quest for the Orb.
     0 | D:1      | Reached XP level 1. HP: 10/10 MP: 2/2
     0 | D:1      | 0 ||| qw: Version: 0.3-a-157-g843a77d
     0 | D:1      | 0 ||| qw: Game counter: 3960
     0 | D:1      | 0 ||| qw: Melee chars always use a shield: true
     0 | D:1      | 0 ||| qw: God list: Okawaru
     0 | D:1      | 0 ||| qw: Allow faded altars: false
     0 | D:1      | 0 ||| qw: Do Orc after clearing Dungeon:15 true
     0 | D:1      | 0 ||| qw: Do second Lair branch before Depths: true
     0 | D:1      | 0 ||| qw: Lair rune preference: random
     0 | D:1      | 0 ||| qw: Goals: Normal
     0 | D:1      | 0 ||| PLANNING D:1-11
   124 | D:1      | Found a faded altar of an unknown god.
   209 | D:1      | Reached skill level 3 in Dodging
   240 | D:1      | Frozen to death by an endoplasm

Levels and vault maps discovered:
D:1:      lightli_arrival_noodles, layout_basic,
          shapermc_ecumenical_altar_notcrosses, dreamdust_wishing_well

Skill      XL: |  1 |
---------------+----+-----
Dodging        | 3 |  3.4
Fighting       | |  1.5
Ranged Weapons | |  4.0
Stealth        | |  1.5

Action                     || total
---------------------------++-------
   Fire: Shortbow          ||    22
 Armour: Robe              ||     5
  Dodge: Dodged            ||    27

Table legend:
 A = Non-vault XP
 B = Vault XP
 C = Vault XP percentage of total XP
 D = Non-vault monster count
 E = Vault monster count
 F = Vault count percentage of total count
                 A         B        C        D         E       F
            +---------+---------+-------+---------+---------+-------
      Total |      10 |       0 |   0.0 |       6 |       0 |   0.0
            +---------+---------+-------+---------+---------+-------
        D:1 |      10 |       0 |   0.0 |       6 |       0 |   0.0
            +---------+---------+-------+---------+---------+-------
